 Dungeon Crawl Stone Soup version 0.21.1-1-g345015fe64 (webtiles) character file.

113 Froggeryz the Ruffian (level 4, -10/28 HPs)
             Began as a Gargoyle Monk on Apr 25, 2018.
             Was a Believer of Wu Jian.
             Killed by divine providence
             ... invoked by an orc priest
              (14 damage)
             ... on level 3 of the Dungeon.
             The game lasted 00:03:23 (2071 turns).

Froggeryz the Ruffian (Gargoyle Monk)               Turns: 2071, Time: 00:03:25

Health: -10/28     AC:  5    Str: 15    XL:     4   Next: 96%
Magic:  4/4        EV: 13    Int: 10    God:    Wu Jian [**....]
Gold:   95         SH:  0    Dex: 13    Spells: 3/3 levels left

rFire    . . .     SeeInvis .     - Unarmed
rCold    . . .     Gourm    .   (no shield)
rNeg     + . .     Faith    .   a - +0 robe
rPois    ∞         Spirit   .   (no helmet)
rElec    +         Reflect  .   (no cloak)
rCorr    .         Harm     .   (no gloves)
MR       .....                  (no boots)
Stlth    ++........             (no amulet)
HPRegen  0.09/turn              (no ring)
MPRegen  0.09/turn              (no ring)

@: no status effects
A: negative energy resistance 1, electricity resistance, unbreathing,
petrification resistance, rot immunity, AC +3
a: Wall Jump, Renounce Religion


You were on level 3 of the Dungeon.
You worshipped Wu Jian.
Wu Jian was pleased with you.
You were not hungry.

You visited 1 branch of the dungeon, and saw 3 of its levels.

You collected 95 gold pieces.

Inventory:

Armour
 a - a +0 robe (worn)
 e - a +0 leather armour of positive energy
Jewellery
 o - an uncursed amulet of guardian spirit {unknown}
Scrolls
 d - a scroll of amnesia {unknown}
 f - a scroll of random uselessness {unknown}
 g - a scroll of fear {unknown}
 l - a scroll of remove curse {unknown}
 n - a scroll of identify
Potions
 c - a potion of invisibility
 h - a potion of might {unknown}
 i - 3 potions of brilliance {unknown}
 j - a potion of lignification {unknown}
 k - 2 potions of magic {unknown}
 m - a potion of curing {unknown}
Comestibles
 b - 9 rations


   Skills:
 - Level 3.2 Fighting
 - Level 2.4 Dodging
 - Level 2.1 Stealth
 + Level 5.5 Unarmed Combat


You had 3 spell levels left.
You didn't know any spells.

Dungeon Overview and Level Annotations

Branches:
Dungeon (3/15)

Altars:
Nemelex Xobeh
Ru
Trog
Uskayaw
Wu Jian
The Shining One


Innate Abilities, Weirdness & Mutations

You are resistant to torment.
Your stone body is resilient. (AC +3)
You are immune to poison.
You resist negative energy. (rN+)
You are resistant to electric shocks. (rElec)
You can survive without breathing.
You are immune to petrification.
You are immune to rotting.


Message History

An orc comes into view. It is wielding a hand axe.
You see here an adder corpse.
You start resting.
An orc priest comes into view. It is wielding a flail.
You repeatedly attack the orc priest from above.
The orc shouts!
The orc priest shouts!
An orc comes into view. It is wielding a dagger.
The orc shouts!
You hit the orc priest but do no damage. x2
Your punch misses the orc priest. The orc priest misses you.
The orc priest invokes the aid of Beogh against you.
Pain shoots through your body!
You have no room to wall jump there.
The orc priest mumbles some strange prayers to Beogh against you.
Beogh smites you!
* * * LOW HITPOINT WARNING * * *
The orc priest invokes the aid of Beogh against you.
Beogh smites you!
Ouch! That really hurt!
You die...

# #.#..####..#
# #...## #..#
. .
###.#####...
.. ##
#.....##.###
..# #.###.##.#
..## #..
#..#§###..%.#
#..#
##>#.#...#
#.######§o§o.#
#. #...§@#..##
.. #.#####..#
#o... #.##..
#.. .#.. ... #
. #o#


You could see an orc priest and an orc.

Vanquished Creatures
  5 adders
  3 worms (D:2)
  2 dart slugs (D:2)
  A leopard gecko (D:1)
  2 orcs (D:3)
  4 giant cockroaches
  8 goblins
  7 hobgoblins
  A quokka (D:2)
  2 bats
  A frilled lizard (D:2)
  6 kobolds
  12 rats
54 creatures vanquished.

Notes
Turn   | Place    | Note
-------+----------+-------------------------------------------
     0 | D:1      | Froggeryz the Gargoyle Monk began the quest for the Orb.
     0 | D:1      | Reached XP level 1. HP: 14/14 MP: 1/1
   346 | D:1      | Reached XP level 2. HP: 6/19 MP: 2/2
  1128 | D:2      | Reached skill level 4 in Unarmed Combat
  1128 | D:2      | Reached XP level 3. HP: 17/23 MP: 3/3
  1400 | D:2      | Reached XP level 4. HP: 18/28 MP: 4/4
  1444 | D:2      | Found a sacrificial altar of Ru.
  1591 | D:2      | Found a bloodstained altar of Trog.
  1592 | D:2      | Found a hide-covered altar of Uskayaw.
  1595 | D:2      | Found an ornate altar of the Wu Jian Council.
  1595 | D:2      | Found a sparkling altar of Nemelex Xobeh.
  1607 | D:2      | Reached skill level 5 in Unarmed Combat
  1622 | D:2      | Became a worshipper of the Wu Jian Council
  1622 | D:2      | Reached * piety under Wu Jian
  1622 | D:2      | Reached ** piety under Wu Jian
  1683 | D:2      | Found a glowing golden altar of the Shining One.
  2071 | D:3      | Killed from afar by an orc priest

Skill      XL: |  1  2  3  4 |
---------------+-------------+-----
Unarmed Combat | 4 5 |  5.5
Fighting       | |  3.2
Dodging        | |  2.4
Stealth        | |  2.1

Action                   |  1- 3 |  4- 6 || total
-------------------------+-------+-------++-------
Melee: Unarmed           |   120 |    93 ||   213
       Punch             |     2 |     6 ||     8
Invok: Lunge             |       |     6 ||     6
       Wall Jump         |       |     4 ||     4
       Whirlwind         |       |     2 ||     2
  Use: Scroll            |     1 |     1 ||     2
 Stab: Sleeping          |       |     1 ||     1
  Eat: Chunk             |     1 |     3 ||     4
Armor: Robe              |    25 |    22 ||    47
Dodge: Dodged            |    69 |    56 ||   125
